[Event "ChessKid Cup Div-III 2023"]
[Site "Online"]
[Date "2023.05.23"]
[Round "52.3"]
[White "Terry, Renato"]
[Black "Kamsky, Gata"]
[Result "1/2-1/2"]
[ECO "A48"]
[WhiteElo "2520"]
[BlackElo "2665"]
[Annotator "TA"]
[PlyCount "112"]
[EventDate "2023.05.21"]
[EventType "k.o."]
[EventCountry "NET"]
[SourceTitle "playchess.com"]
[Source "ChessBase"]
[SourceQuality "1"]
[TimeControl "900+3"]

1. Nf3 Nf6 2. d4 g6 3. Bg5 Bg7 4. c3 d6 5. Nbd2 O-O 6. e4 c5 7. dxc5 dxc5 8. Bc4 Nc6 9. Qe2 Qc7 10. O-O h6 {[%emt 0:00:11] A48: 1 d4 Nf6 2 Nf3 g6: Torre, London and Colle Systems.} 11. Bxf6 exf6 12. Nh4 Kh8 13. f4 {[%emt 0:00:22] [#]} Bd7 $146 ({Predecessor:} 13... b6 14. Rad1 Bb7 15. f5 g5 16. Nhf3 Rad8 17. h3 Rfe8 18. Ba6 Bxa6 19. Qxa6 Bf8 {½-½ Arcenegui Rodrigo,J-Tarrio Ocana,F (2278) ESP AEAC W/M/017 email 2007}) 14. Rad1 Rae8 15. Qf2 Ne7 16. f5 b5 17. Bd3 c4 18. Bc2 g5 19. Nhf3 Nc6 20. Rfe1 Rg8 21. Nf1 (21. a4 $5 ) 21... Bf8 22. Ng3 Ne5 23. Kh1 Bc5 24. Qe2 Nxf3 25. Qxf3 (25. gxf3 $11 Bc6 26. b3) 25... g4 $17 26. Qe2 ({White should try} 26. Qf1) 26... Bc6 (26... Rg5 $1 $17 {[%cal Oc7g3] And now ...Qxg3! would win.} 27. e5 Rxe5) 27. b3 (27. Qd2 $15 Rg5 28. e5) 27... Rg5 $1 {[%emt 0:00:24][%cal Oc7g3] ( -> ...Qxg3!). White is weak on the dark squares} 28. Nf1 (28. bxc4 $2 Qxg3 29. Qd3 Qxd3 30. Bxd3 bxc4 31. Bxc4 Rxe4 32. Rxe4 Bxe4 $19) 28... h5 (28... Qe5 $1 $17 29. a4 (29. bxc4 b4 $17) 29... Qxc3 30. axb5 Bxb5 31. bxc4 Bc6) 29. bxc4 $15 {[%emt 0:00:20] [#]} b4 30. Qd2 a5 (30... bxc3 {simplifies} 31. Qxc3 Kg7 32. e5 Rxe5 33. Rxe5 Qxe5 34. Qxe5 fxe5 35. Ng3 Ba3) 31. Ne3 {[%emt 0:00:13] [#]} (31. cxb4 $15 Bxb4 32. Qd4) 31... Qe5 $1 $17 32. Nd5 (32. cxb4 Bxb4 33. Qc1 Bxe1 34. Rxe1 Bxe4 35. Bxe4 Qxe4 $19) 32... h4 (32... bxc3 $17 33. Qf4 (33. Qxc3 Qxc3 34. Nxc3 Bb4 $17) (33. Nxc3 Bb4 $17) 33... Qxf4 34. Nxf4 Rb8) 33. cxb4 $11 {[%emt 0:00:28] The position is equal.} Bd6 34. Nf4 $1 Bxb4 {[%emt 0:00:07] This pair of bishops is nice.} 35. Nd3 $1 {[%emt 0:00:05][%csl LRb4,LRe5][%mdl 64] Double Attack} Bxd2 36. Nxe5 Rxe5 ({Much less strong is} 36... Bxe1 37. Nxf7+ (37. Nxc6 Bb4 $17) 37... Kg8 38. Nxg5 $14) 37. Rxd2 Rgxf5 {[%emt 0:00:04][%cal Oc6e4][%mdl 64] Pin} 38. Kg1 Rf4 39. Re3 Kg7 40. g3 hxg3 41. hxg3 Rf3 42. Rxf3 gxf3 43. Kf2 Bxe4 44. Bxe4 Rxe4 {[%emt 0:00:04][%mdl 4096] Endgame KR-KR} 45. Rc2 ({But not} 45. Kxf3 Rxc4 46. Rd3 Ra4 $17) 45... Kf8 46. Kxf3 Rd4 47. c5 Ke7 48. c6 {[%emt 0:00:04] Threatens to win with c7.} Kd8 49. Ke3 Rg4 50. Kf3 Ra4 51. c7+ Kc8 52. g4 Rb4 53. Kg3 a4 54. Rc6 Rb2 55. Rxf6 Rxa2 56. Rxf7 {[%emt 0:00:04] Strongly threatening g5.} a3 {[%emt 0:00:04] An interesting game.   Weighted Error Value: White=0.14 (very precise) /Black=0.14 (very precise)} 1/2-1/2

[Event "ChessKid Cup Div-III 2023"]
[Site "Online"]
[Date "2023.05.23"]
[Round "53.1"]
[White "Bluebaum, Matthias"]
[Black "Yu, Yangyi"]
[Result "1/2-1/2"]
[ECO "E51"]
[WhiteElo "2669"]
[BlackElo "2729"]
[Annotator "TA"]
[PlyCount "53"]
[EventDate "2023.05.21"]
[EventType "k.o."]
[EventCountry "NET"]
[SourceTitle "playchess.com"]
[Source "ChessBase"]
[SourceQuality "1"]
[TimeControl "900+3"]

1. d4 Nf6 2. c4 e6 3. Nc3 Bb4 4. e3 O-O 5. Bd2 d5 6. Nf3 Nbd7 7. Rc1 {[%emt 0:00:04] 7.a3 is setting a new trend. E51: Nimzo-Indian: Rubinstein: 4...0-0 5 Nf3 d5.} c6 8. Bd3 Re8 9. O-O {[%emt 0:00:03] The position is equal.} h6 {[%emt 0:00:02] [#]} 10. a3 $146 (10. Nxd5 $5 Nxd5 11. cxd5 Bxd2 12. Qxd2 $14 (12. Nxd2 exd5 13. h3 Nf6 $11)) ({Predecessor:} 10. Re1 dxc4 11. Bxc4 b5 12. Bd3 Bb7 13. a3 Bd6 14. b4 a5 15. Ne4 Nxe4 16. Bxe4 axb4 17. axb4 {1-0 Zakhartsov,V (2483)-Keller,P (2377) Titled Tuesday intern op 14th Jun Late blitz 2022 (1)}) 10... Bd6 11. e4 dxe4 12. Nxe4 Nxe4 13. Bxe4 e5 14. Bc3 exd4 15. Qxd4 {[%emt 0:00:12][%csl Gc3][%cal Rd4g7] [#]} Nf6 16. Bc2 Bg4 17. Qd3 Bf4 18. Qxd8 Raxd8 19. Rce1 Bxf3 20. gxf3 Nd7 21. Rxe8+ Rxe8 22. Rd1 Ne5 23. Kg2 Kf8 (23... Nxc4 $2 24. Rd4 $18) 24. Bb4+ {[%emt 0:00:04] A strong pair of Bishops.} Kg8 25. Bc3 Kf8 (25... Nxc4 $2 26. Rd4 $18) 26. Bb4+ Kg8 27. Bc3 {[%emt 0:00:01] Weighted Error Value: White=0.07 (flawless) /Black=0.05 (flawless)} 1/2-1/2

[Event "ChessKid Cup Div-III 2023"]
[Site "Online"]
[Date "2023.05.23"]
[Round "53.1"]
[White "Donchenko, Alexander"]
[Black "Santos Ruiz, Miguel"]
[Result "1-0"]
[ECO "D36"]
[WhiteElo "2669"]
[BlackElo "2590"]
[Annotator "TA"]
[PlyCount "45"]
[EventDate "2023.05.21"]
[EventType "k.o."]
[EventCountry "NET"]
[SourceTitle "playchess.com"]
[Source "ChessBase"]
[SourceQuality "1"]
[TimeControl "900+3"]

1. c4 e6 2. Nc3 d5 3. d4 Nf6 4. cxd5 exd5 5. Bg5 c6 6. e3 h6 7. Bh4 Be7 8. Bd3 O-O 9. Nge2 Re8 10. O-O Nbd7 11. Qc2 a6 {[%emt 0:00:06] D36: Queen's Gambit Declined: Exchange Variation: Main line (5 Bg5 c6 6 Qc2).} 12. Bg3 $5 {[%emt 0:00:10][%cal Bh4g3,Bg3e5,Be5c3,Bc3d4,Bd4c5][%mdl 4] [#] Exploring less charted territory.} b5 $146 ({Predecessor:} 12... Nh5 13. Nxd5 Nxg3 14. Nxe7+ Qxe7 15. Nxg3 Nf6 16. Rfe1 Be6 17. a3 Rad8 18. Rad1 Kh8 {0-1 Kieffer,J-Schmidt,H Oberbayern-ch 1994 (2)}) 13. Rad1 Bb7 {[%emt 0:00:10] The position is equal.} 14. h3 Qb6 15. Rfe1 c5 16. dxc5 Nxc5 17. Be5 Nfe4 18. Nf4 (18. Bd4 {looks sharper.} Qd6 19. Bxg7 Nxf2 20. Kxf2 Bh4+ 21. Kg1) 18... Nxc3 ({Better is} 18... Bh4 $11 19. Bxe4 dxe4) 19. Bxc3 ({Much worse is} 19. bxc3 $6 Nxd3 20. Qxd3 Bf8 $11) 19... Red8 {[%emt 0:00:24] Black cannot hold the game after this.} (19... Nxd3 $14 20. Qxd3 Rad8) 20. Bf5 {[%emt 0:00:40][%cal Oc3g7] White is clearly better.} g6 {[%emt 0:03:35] [#]} (20... Qd6 $16 {was necessary.} 21. Bh7+ Kf8) 21. Bd4 $1 $18 {[%emt 0:01:04][%cal Ob2b4] Black must now prevent b4!} Qd6 {[%emt 0:01:06] [#]} 22. Bxg6 fxg6 23. Bxc5 {[%emt 0:00:01] Weighted Error Value: White=0.11 (very precise) /Black=0.45} 1-0

[Event "ChessKid Cup Div-III 2023"]
[Site "Online"]
[Date "2023.05.23"]
[Round "53.1"]
[White "Bok, Benjamin"]
[Black "Kamsky, Gata"]
[Result "1/2-1/2"]
[ECO "A29"]
[WhiteElo "2607"]
[BlackElo "2665"]
[Annotator "TA"]
[PlyCount "48"]
[EventDate "2023.05.21"]
[EventType "k.o."]
[EventCountry "NET"]
[SourceTitle "playchess.com"]
[Source "ChessBase"]
[SourceQuality "1"]
[TimeControl "900+3"]

1. c4 e5 2. g3 Nc6 3. Bg2 Nf6 4. Nc3 Bb4 5. Nd5 O-O 6. Nf3 Re8 7. Nxb4 Nxb4 8. O-O {[%emt 0:00:01] A29: English Opening: Four Knights Variation with 4 g3.} e4 9. Nd4 d5 10. Nc2 a5 11. Nxb4 axb4 12. d3 {[%emt 0:00:00] [#] White is weak on the light squares} Bg4 $146 {[%emt 0:01:33] aiming for ...exd3.} ({Predecessor:} 12... Bf5 13. c5 exd3 14. exd3 c6 15. d4 b6 16. Bf4 Ra5 17. Qb3 bxc5 18. dxc5 Rxc5 19. Qxb4 {½-½ Cuevas,A (2262)-Malbran,G (2234) Villa Martelli op-A 21st 2014 (6)}) 13. dxe4 dxe4 14. Qc2 b3 {[%emt 0:01:56][%mdl 64] [#] Deflection} 15. Qxb3 Bxe2 16. Re1 Qd3 {[%emt 0:00:03] ...Qxb3 would be deadly.} 17. Bf4 Qxc4 18. Qxb7 Reb8 (18... Rxa2 $2 19. Rxa2 (19. Bxc7 Bf3 $11) 19... Qxa2 20. Rxe2 $18) (18... Bd3 $11 {remains equal.}) 19. Qxc7 $16 {[%emt 0:00:47] White is more active.} Qxc7 20. Bxc7 Rxb2 {[%emt 0:00:02] [#]} 21. Be5 ({White should try} 21. a4 $1 $16 {Threatens to win with Be5.} Bd3 22. f3) 21... Rbxa2 $11 {[%emt 0:00:04] The position is equal.} 22. Rxa2 Rxa2 23. Bxf6 {[%emt 0:00:01][%mdl 64] Remove Defender} gxf6 24. Bxe4 Rd2 {[%emt 0:00:07] Weighted Error Value: White=0.08 (flawless) /Black=0.11 (very precise)} 1/2-1/2

[Event "ChessKid Cup Div-III 2023"]
[Site "Online"]
[Date "2023.05.23"]
[Round "53.1"]
[White "Raja Harshit"]
[Black "Navara, David"]
[Result "1/2-1/2"]
[ECO "C67"]
[WhiteElo "2515"]
[BlackElo "2678"]
[Annotator "TA"]
[PlyCount "59"]
[EventDate "2023.05.21"]
[EventType "k.o."]
[EventCountry "NET"]
[SourceTitle "playchess.com"]
[Source "ChessBase"]
[SourceQuality "1"]
[TimeControl "900+3"]

1. e4 e5 2. Nf3 Nc6 3. Bb5 Nf6 4. O-O Nxe4 5. Re1 Nd6 6. Nxe5 Be7 7. Bf1 Nxe5 8. Rxe5 O-O 9. Nc3 {[%emt 0:00:12] C67: Ruy Lopez: Berlin Defence: 4 0-0 Nxe4.} Bf6 10. Re1 Re8 11. Nd5 {[%emt 0:01:32] White has an edge.} Rxe1 12. Qxe1 b6 13. Nxf6+ Qxf6 14. f3 {[%emt 0:00:02] has lost popularity (14.d3).} Bb7 15. Qf2 {[%emt 0:00:03] [#]} h5 $146 ({Predecessor:} 15... Re8 16. d4 Nf5 17. c3 d6 18. Bd2 h6 19. Bd3 Nh4 20. Re1 Rxe1+ 21. Bxe1 Ng6 {½-½ Yu,Y (2724)-Ni,H (2704) CHN-chT China 2015 (19.6)}) 16. d4 h4 17. h3 Re8 18. Bd2 Nf5 19. c3 Ng3 20. Bd3 Kf8 21. Re1 Rxe1+ 22. Qxe1 (22. Bxe1 {simplifies} g5 23. Qd2 Nh5 24. Bf2) 22... Bd5 (22... Bxf3 $11 23. gxf3 Qxf3) 23. b3 (23. Qe5 $14 {deserves consideration.} Qxe5 24. dxe5) 23... Bxf3 $11 {[%emt 0:00:23][%mdl 64] [#] Demolition. The position is equal.} 24. gxf3 Qxf3 25. Bf1 {[%emt 0:00:01] Black must now prevent Bg2.} (25. Qe3 $5 Qh1+ $8 26. Kf2 $11) 25... Qh1+ 26. Kf2 Ne4+ 27. Ke2 {[%emt 0:00:05] And now Bf4 would win.} Ng3+ 28. Kf2 {[%emt 0:00:01] [#] Threatens to win with Bg2.} Ne4+ 29. Ke2 Ng3+ 30. Kf2 {[%emt 0:00:02] An uneventful encounter.   Weighted Error Value: White=0.07 (flawless) /Black=0.04 (flawless)} 1/2-1/2

[Event "ChessKid Cup Div-III 2023"]
[Site "Online"]
[Date "2023.05.23"]
[Round "53.2"]
[White "Yu, Yangyi"]
[Black "Bluebaum, Matthias"]
[Result "1-0"]
[ECO "D31"]
[WhiteElo "2729"]
[BlackElo "2669"]
[Annotator "TA"]
[PlyCount "57"]
[EventDate "2023.05.21"]
[EventType "k.o."]
[EventCountry "NET"]
[SourceTitle "playchess.com"]
[Source "ChessBase"]
[SourceQuality "1"]
[TimeControl "900+3"]

1. d4 d5 2. c4 e6 3. Nc3 Bb4 4. cxd5 exd5 5. Bf4 c5 6. e3 {[%emt 0:00:02] D31: Queen's Gambit Declined: Semi-Slav without ...Nf6 (+ Marshall Gambit and Noteboom) and Exchange Variation lines without ...Nf6.} c4 7. Nge2 $5 {[%emt 0:00:14][%mdl 4] Leaves trodden paths.} Nc6 8. a3 {[%emt 0:00:07] The position is equal.} Ba5 9. b4 cxb3 10. Qxb3 Be6 {[%emt 0:00:01] [#]} 11. Rc1 $5 $146 {[%emt 0:00:53][%mdl 8] An interesting novelty.} ({Predecessor:} 11. f3 Nf6 12. Kf2 O-O 13. Na4 Nh5 14. h4 b6 15. g4 Nxf4 16. Nxf4 Qd6 17. Qb2 {½-½ Nakamura,H (2736)-Anton Guijarro,D (2693) Wch Rapid Warsaw 2021 (7)}) 11... Nf6 12. Bg5 h6 13. Bxf6 (13. Qxb7 $2 hxg5 14. Qxc6+ Bd7 $19) 13... Qxf6 14. Ng3 h5 {[%emt 0:01:02] [#]} (14... O-O $11 {remains equal.}) 15. Be2 $1 $16 (15. Qxb7 O-O 16. Bb5 (16. Qxc6 $2 Rac8 $19) 16... Rab8 17. Qxc6 Rfc8 $15) 15... g6 (15... h4 $14 16. Nh5 (16. Qxb7 O-O $11) 16... Qh6) 16. O-O Bxc3 17. Qxb7 (17. Qxc3 $6 h4 18. Qb2 O-O 19. Qxb7 Nxd4 20. exd4 hxg3 $11) 17... O-O {[%emt 0:00:15] aiming for ...Na5.} 18. Rxc3 (18. Qxc6 $6 Rac8 19. Qb7 h4 $11) 18... Rab8 {[%emt 0:00:13] [#]} 19. Qa6 $36 {[%emt 0:00:47][%mdl 2048] White has strong initiative. White is more active.} (19. Qxc6 $6 Rbc8 $11) 19... Rb6 20. Qa4 Bd7 21. Bf3 h4 22. Ne2 h3 23. Nf4 hxg2 (23... Qd8 $142 24. Rfc1 (24. Nxd5 Ne5 $14) (24. Bxd5 Ne7 $16) (24. gxh3 Ne5 $16) 24... Nb4 25. Qxa7 Nc6) 24. Bxg2 $18 (24. Nxd5 $2 gxf1=Q+ 25. Kxf1 Qxf3 $19) 24... Qg5 25. Rc5 ({Resist} 25. Nxd5 $6 Ne5 26. Qd1 (26. Qxa7 Bh3 $11) (26. f4 Nf3+ 27. Rxf3 Qxd5 $16) 26... Bh3 $18) 25... Ne5 $2 (25... Kg7 26. Rxd5 Bf5) 26. Qxa7 {[%emt 0:00:05] White is clearly winning.} Nf3+ 27. Kh1 Bb5 28. Qxb6 Bxf1 29. Bxf3 {[%emt 0:00:02] Weighted Error Value: White=0.01 (flawless) /Black=0.41} 1-0

[Event "ChessKid Cup Div-III 2023"]
[Site "Online"]
[Date "2023.05.23"]
[Round "53.2"]
[White "Navara, David"]
[Black "Raja Harshit"]
[Result "1/2-1/2"]
[ECO "E49"]
[WhiteElo "2678"]
[BlackElo "2515"]
[Annotator "TA"]
[PlyCount "118"]
[EventDate "2023.05.21"]
[EventType "k.o."]
[EventCountry "NET"]
[SourceTitle "playchess.com"]
[Source "ChessBase"]
[SourceQuality "1"]
[TimeControl "900+3"]

1. d4 Nf6 2. c4 e6 3. Nc3 Bb4 4. e3 O-O 5. Bd3 d5 6. cxd5 exd5 7. Nge2 Re8 8. O-O c5 9. a3 Bxc3 10. bxc3 b6 11. f3 Ba6 12. Ng3 Bxd3 13. Qxd3 Nc6 14. Bb2 h5 {[%emt 0:00:02][%cal Bh7h5,Bh5h4,Bh4h3][%mdl 32] 14...c4 is vanishing. E49: Nimzo-Indian: Rubinstein: 5 Bd3 d5 6 a3 Bxc3+ 7 bxc3.} 15. Rae1 h4 16. Nf5 h3 17. Ng3 Ne7 {[%emt 0:01:22] [#]} 18. dxc5 $146 ({Predecessor:} 18. e4 Ng6 19. Bc1 hxg2 20. Kxg2 dxe4 21. fxe4 Qd7 22. Kg1 Rac8 23. Nf5 cxd4 24. cxd4 Rxc1 25. Rxc1 Rxe4 {½-½ Shulman,B (2438)-Keuter,K (2435) RUS-ROW email 2018 [17]}) 18... Rc8 19. c4 dxc4 20. Qxd8 (20. Qxc4 $11 Rxc5 21. Qe2) 20... Rexd8 $17 21. Bxf6 gxf6 22. Ne4 Rd3 (22... bxc5 $6 23. Nxf6+ Kg7 24. Nh5+ Kh6 25. Nf6 $15) 23. Nxf6+ Kg7 24. Nh5+ Kh6 (24... Kf8 {simplifies} 25. cxb6 axb6 26. gxh3 Rxa3 27. Nf6 b5) 25. Nf4 Rxa3 26. Ra1 (26. cxb6 $1 $15 hxg2 27. Kxg2) 26... Rxa1 (26... Rxe3 27. Rxa7 Rxc5 28. Nxh3) 27. Rxa1 Rxc5 (27... bxc5 28. Nxh3 (28. gxh3 Nc6 $11) (28. Rxa7 Rd8 $11) 28... Nd5 29. Nf4 (29. Rxa7 c3 $17) 29... Nxf4 30. exf4 $11) 28. Rxa7 {[%emt 0:00:02][%mdl 4096] Endgame KRN-KRN} Nd5 29. Ne2 Nxe3 {[%emt 0:00:47] Threatens to win with ...Ra5.} 30. gxh3 {[%emt 0:00:14][%cal Og1f2] [#]} b5 $1 31. Kf2 Nd5 32. Rxf7 {[%emt 0:00:30] [#]} b4 $1 33. Rb7 {[%emt 0:00:08] Inhibits Rb5.} Ra5 {[%emt 0:00:08][%mdl 1024] Black has strong compensation.} 34. Nd4 c3 35. Kg3 Rc5 $2 ({And not} 35... Ra2 36. Rb5 Ne3 37. Rc5 $17 (37. Rxb4 $2 {is the wrong capture.} Rg2+ 38. Kf4 Nd5+ 39. Ke4 Nxb4 $19) (37. Rb6+ Kg7 $17)) (35... Ra1 $19 36. Rb5 Ne3) 36. Nc2 $11 {[%emt 0:00:02] The position is equal.} Kg5 37. h4+ Kf5 38. Rb8 Ke5 {[%emt 0:00:34] Strongly threatening ...Kd6.} 39. h5 Rc7 40. Rb5 Kd6 41. h6 Rh7 42. Nxb4 Nxb4 43. Rxb4 {[%emt 0:00:00] Hoping for Rc4. KR-KR} Kc5 {[%emt 0:00:01] Inhibits Rc4+.} 44. Rb1 Rxh6 45. h4 Kd4 46. Kg4 Rg6+ 47. Kf5 Rg2 48. h5 Rh2 49. Kg5 c2 50. Rc1 Rg2+ 51. Kf6 Rf2 52. Kg6 Kd3 (52... Rxf3 53. Rxc2 Rg3+ 54. Kf5 $18) 53. h6 Rxf3 54. Rh1 Rf8 55. h7 Rh8 56. Kg7 Rxh7+ 57. Kxh7 Kd2 58. Rh2+ Kd1 59. Rxc2 Kxc2 {[%emt 0:00:00] Whites escaped into a draw.   Weighted Error Value: White=0.07 (flawless) /Black=0.07 (flawless)} 1/2-1/2

[Event "ChessKid Cup Div-III 2023"]
[Site "Online"]
[Date "2023.05.23"]
[Round "53.2"]
[White "Kamsky, Gata"]
[Black "Bok, Benjamin"]
[Result "1-0"]
[ECO "C67"]
[WhiteElo "2665"]
[BlackElo "2607"]
[Annotator "TA"]
[PlyCount "149"]
[EventDate "2023.05.21"]
[EventType "k.o."]
[EventCountry "NET"]
[SourceTitle "playchess.com"]
[Source "ChessBase"]
[SourceQuality "1"]
[TimeControl "900+3"]

1. e4 e5 2. Nf3 Nc6 3. Bb5 Nf6 4. O-O Nxe4 5. d4 Nd6 6. Bxc6 dxc6 7. dxe5 Nf5 8. Qxd8+ Kxd8 9. Rd1+ Ke8 10. Nc3 Be7 11. Bf4 {[%emt 0:02:42] C67: Ruy Lopez: Berlin Defence: 4 0-0 Nxe4.} Nh4 12. Nd4 Nf5 13. Nce2 {[%emt 0:01:29] [#] The position is equal.} a6 $146 ({Predecessor:} 13... Nxd4 14. Nxd4 Bg4 15. Rd2 Rd8 16. h3 Bc8 17. Rad1 a6 {1-0 Sutovsky,E (2626)-Michalik,P (2576) EU-ch 16th Jerusalem 2015 (4)}) 14. h3 Nxd4 15. Nxd4 c5 16. Ne2 Bf5 17. c4 b5 18. Nc3 c6 19. b3 h5 20. Be3 Rd8 21. Rac1 g5 22. f3 Bd3 23. Kf2 Rg8 24. Ne2 bxc4 25. bxc4 Rg6 26. Ng3 h4 27. Nh5 Rh6 {[%emt 0:00:08] [#] Inhibits Nf6+.} (27... Bf5 $16) 28. Nf6+ $1 $18 Bxf6 29. exf6 Rg6 {[%emt 0:00:03] [#]} (29... Bf5 {was called for.} 30. Re1 (30. Bxg5 Rh5 $18) (30. Bxc5 Rxd1 31. Rxd1 Rxf6 $14) 30... Rg6 31. Bxg5+ {[%mdl 64] Discovered Attack} Kf8) 30. Re1 $1 (30. Bxc5 Rxf6 31. Be3 Rg6 $16) 30... Kd7 31. Bxc5 Kc8 32. Be7 Rd7 33. Red1 Rg8 34. Rc3 Bf5 35. Rxd7 Kxd7 $16 {[%emt 0:00:00][%mdl 4096] Endgame KRB-KRB} 36. Rb3 {[%emt 0:00:20] Prevents Rb8.} Ra8 37. Ke3 Rc8 38. Kd4 Ke6 39. Re3+ Kd7 40. Rb3 {[%emt 0:00:07] Inhibits Rb8.} Ke6 41. Kc5 Bg6 (41... Bc2 $16 {is a better defense.}) 42. Re3+ $18 Kf5 43. Re2 Kf4 44. a4 a5 $2 {[%emt 0:00:01] [#]} (44... Bd3 45. Bd6+ Kf5) 45. Bd6+ $1 Kf5 46. Kb6 Kxf6 47. c5 (47. Kxa5 Bd3 48. Re1 Bxc4 $16) 47... Bd3 48. Rd2 Bc4 49. Kxa5 (49. Bc7 $18) 49... Ra8+ $16 50. Kb4 Bf1 51. f4 gxf4 (51... Ra7 $16 52. Rd4 Kg6) 52. Rf2 $18 ({Much less strong is} 52. Bxf4 $6 Bc4 53. a5 (53. Kxc4 Rxa4+ 54. Kd3 Rxf4 $11) 53... Bd5 $16) 52... Bd3 53. Rxf4+ ({Don't play} 53. Bxf4 $6 Kg6 54. Bc7 f5 $16) 53... Ke6 54. Rxh4 f5 $2 (54... Ra7 {keeps fighting.} 55. Kc3 Bb1) 55. Rh6+ Kf7 56. g3 Be4 57. h4 Kg7 58. Re6 Kf7 59. Re7+ Kf6 60. Rb7 Ke6 $2 (60... Bf3 61. a5 Be2) 61. a5 {[%emt 0:00:02] aiming for h5.} Kd5 (61... Bf3 $142 62. Rh7 f4 63. Bxf4 Be4) 62. Bf4 (62. Re7 $142 {White threatens Kc3 and mate.} Kd4 63. h5) 62... Kd4 63. h5 Bd3 64. Rd7+ Ke4 65. h6 Bb5 66. h7 Rh8 67. Bc1 {[%emt 0:00:03] Threatens to win with Bb2.} Rb8 68. Ka3 {[%emt 0:00:10] Black must now prevent Bb2.} Bc4 69. Bb2 {[%emt 0:00:09] Intending Rd4+ and mate.} Rb3+ 70. Ka4 Rxb2 71. h8=Q ({Weaker is} 71. h8=B Bb5+ 72. Ka3 Rg2 $11) 71... Bb5+ 72. Ka3 Re2 73. Qd4+ Kf3 74. Qf4+ Kg2 75. Rd2 {[%emt 0:00:01] Weighted Error Value: White=0.15 (very precise) /Black=0.28 (precise)} 1-0

[Event "ChessKid Cup Div-III 2023"]
[Site "Online"]
[Date "2023.05.23"]
[Round "53.2"]
[White "Santos Ruiz, Miguel"]
[Black "Donchenko, Alexander"]
[Result "1/2-1/2"]
[ECO "B50"]
[WhiteElo "2590"]
[BlackElo "2669"]
[Annotator "TA"]
[PlyCount "73"]
[EventDate "2023.05.21"]
[EventType "k.o."]
[EventCountry "NET"]
[SourceTitle "playchess.com"]
[Source "ChessBase"]
[SourceQuality "1"]
[TimeControl "900+3"]

1. e4 c5 2. Nf3 d6 3. Nc3 Nf6 4. e5 dxe5 5. Nxe5 a6 6. Qe2 {[%emt 0:00:01] B50: Sicilian: 2...d6, Miscellaneous.} Nbd7 7. Nc4 e6 {[%emt 0:00:48] [#]} 8. a4 $146 {[%emt 0:00:03] The position is equal.} ({Predecessor:} 8. g3 b5 9. Bg2 Rb8 10. Ne3 Be7 11. d3 Bb7 12. Bxb7 Rxb7 13. O-O O-O 14. f4 {½-½ Moroney,T (1770)-Nelson,P (1650) Auburn Hills op 2003 (5)}) 8... b6 9. Qf3 {[%emt 0:02:31] Repels Bb7} Rb8 10. Qg3 Bb7 11. d3 Rc8 12. Be2 Be7 13. Nd6+ ({Much weaker is} 13. Qxg7 $6 Rg8 14. Qh6 Rxg2 $11) (13. h4 $14) 13... Bxd6 $15 14. Qxd6 Nb8 ({Don't play} 14... Bxg2 15. Rg1 Bb7 16. Rxg7 $14) (14... e5 $5 15. Bf3 Bxf3 16. gxf3 Ng8 $11) 15. Qg3 Nc6 16. Bf3 ({Weaker is} 16. Qxg7 Rg8 17. Qh6 Nd4 $19) 16... O-O 17. Bg5 Kh8 (17... Ba8 $5 ) 18. O-O-O {[%emt 0:00:22] Hoping for Qh4.} h6 19. Qh4 Qd4 {[%emt 0:00:28] Threatens to win with ...Nh7.} 20. Be4 {[%emt 0:01:13] Black must now prevent Ne2. A strong pair of Bishops.} (20. Ne2 {simplifies} Qxh4 21. Bxh4 Nd5 22. d4) 20... Ng8 (20... Nh7 $5 21. Be3 Qb4 $11) 21. g4 f5 22. Be3 Qd7 23. gxf5 exf5 24. Bf3 Ne5 25. Bxb7 Qxb7 26. f4 (26. Qg3 $11 Nf3 27. h4) 26... Ng4 27. Bd2 {[%emt 0:00:02] [#]} (27. Rhe1 $15) 27... b5 ({Black should play} 27... c4 $1 {[%cal Rc4d3] Strongly threatening ...cxd3.} 28. dxc4 Rxc4) 28. h3 (28. Ne4 $17 fxe4 29. Qxg4) 28... N4f6 $19 {[%emt 0:00:04] aiming for ...c4.} 29. Rhe1 b4 30. Ne2 {[%emt 0:00:01] [#]} b3 $2 (30... c4 $1 $19 31. dxc4 b3) 31. c4 $11 Qd7 32. Bc3 Qxa4 33. Rg1 Rcd8 {[%emt 0:00:12] ...Rfe8 is the strong threat.} 34. Ng3 $2 {[%emt 0:00:33][%mdl 8192] [#] This costs White the game.} (34. Qg3 $15 Rd7 35. Be5) 34... Rxd3 $3 {[%emt 0:00:08][%mdl 512] Black is clearly winning.} 35. Rxd3 Qa1+ {[%emt 0:00:01][%mdl 64] Skewer} (35... Qxc4 $2 36. Rd6 $18) 36. Kd2 Qxg1 37. Bxf6 {[%emt 0:01:52][%mdl 32768] Weighted Error Value: White=0.39/Black=0.43. An unexpected result.} 1/2-1/2